AoeStats
← 8

Arena

509807356Analyzed
3v3 RM · 5d ago on Sep 28, 2026· 56m 32s· 6 players
Game mode
Random Map
Map size
Normal (6 player)
Population
200
Speed
Normal
Resources
Standard
Victory
Conquest
Starting age
Dark Age
Ending age
Imperial Age
RankedLock teamsTeams togetherTeam positionsShared explorationLock speedFull tech treeHidden civsTurbo modeCheats
Victory
Defeat
🇨🇦 Saxons · Canada
1244
+14
🇨🇦 Varangians · Canada
1205
+15
🇨🇦 Danes · Canada
1190
+16
🇺🇸 Khmer · United States
1230
-17
🇺🇸 Dravidians · United States
1174
-14
🇮🇳 Bohemians · India
1168
-14
Ra
9:58 Feudal Age
13:18 Castle Age
11:25 Double-Bit Axe
11:52 Horse Collar
21:08 Scale Barding Armor
20:56 Loom
21:46 Wheelbarrow
21:31 Bloodlines
22:55 Chain Barding Armor
38:45 Bow Saw
39:57 Husbandry
40:44 Forging
46:12 Heavy Plow
46:08 Gold Mining
53:41 Imperial Age
dipsh*t
10:27 Feudal Age
15:12 Castle Age
13:23 Double-Bit Axe
13:20 Horse Collar
13:50 Loom
18:04 Fortified Wall
18:07 Masonry
25:31 Padded Archer Armor
26:03 Man-at-Arms
26:43 Squires
28:14 Long Swordsman
28:42 Arson
29:52 Wheelbarrow
29:34 Fletching
29:59 Leather Archer Armor
29:45 Scale Mail Armor
30:04 Town Watch
32:57 Imperial Age
31:45 Bodkin Arrow
32:06 Leather Archer Armor
32:15 Forging
32:39 Hand Cart
33:18 Bow Saw
33:29 Heavy Plow
34:33 Chemistry
34:05 Conscription
34:23 Bracer
34:38 Leather Archer Armor
34:40 Two-Handed Swordsman
35:34 Champion
36:26 Pikeman
39:09 Halberdier
42:55 Two-Man Saw
43:06 Iron Casting
42:47 Chain Mail Armor
8
10:24 Feudal Age
15:54 Castle Age
21:45 Crossbowman
22:40 Fletching
24:07 Padded Archer Armor
25:47 Horse Collar
30:46 Double-Bit Axe
31:23 Gold Mining
32:21 Loom
32:58 Bodkin Arrow
36:14 Leather Archer Armor
37:35 Wheelbarrow
44:45 Imperial Age
46:27 Chemistry
45:40 Bracer
47:50 Thumb Ring
47:52 Arbalester
Emperor Lung Wang
6:22 Loom
8:59 Feudal Age
9:34 Man-at-Arms
11:29 Double-Bit Axe
21:28 Castle Age
23:05 Wheelbarrow
22:42 Bow Saw
22:15 Horse Collar
34:55 Gold Mining
36:52 Hand Cart
44:08 Imperial Age
41:19 Elite Skirmisher
41:28 Elite Skirmisher
43:30 Padded Archer Armor
45:09 Leather Archer Armor
45:13 Scale Mail Armor
45:28 Fletching
48:47 Bodkin Arrow
49:32 Bracer
49:38 Pikeman
50:18 Squires
51:09 Chain Mail Armor
50:43 Halberdier
52:27 Plate Mail Armor
53:45 Ring Archer Armor
55:56 Forging
57:05 Two-Man Saw
56:43 Gold Shaft Mining
Sir Well-Endowed
10:24 Feudal Age
15:06 Castle Age
12:52 Double-Bit Axe
13:16 Horse Collar
13:24 Loom
14:51 Gold Mining
16:09 Bow Saw
17:39 Scale Mail Armor
19:24 Squires
20:18 Gambesons
23:24 Arson
25:30 Chain Mail Armor
28:46 Wheelbarrow
30:21 Forging
31:42 Iron Casting
32:36 Hand Cart
32:46 Heavy Plow
33:05 Town Watch
37:17 Imperial Age
36:50 Gold Shaft Mining
36:06 Stone Mining
37:07 Fletching
37:16 Hamask
38:54 Plate Mail Armor
37:51 Elite Jomsviking
39:50 Onager
40:37 Siege Engineers
41:26 Pikeman
43:07 Blast Furnace
43:42 Masonry
43:04 Elite Varangian Guard
44:50 Bodkin Arrow
45:48 Siege Onager
49:35 Stone Shaft Mining
49:16 Bracer
50:39 Ballistics
50:20 Murder Holes
50:45 Ballistics
50:58 Caravan
51:06 Padded Archer Armor
52:19 Conscription
52:29 Conscription
52:46 Hoardings
52:44 Capped Ram
Genghis Dong
12:09 Feudal Age
17:11 Castle Age
15:12 Double-Bit Axe
15:10 Horse Collar
16:18 Stone Mining
19:51 Scale Barding Armor
19:48 Husbandry
20:00 Bloodlines
21:20 Forging
24:50 Iron Casting
29:25 Loom
30:22 Heavy Plow
32:22 Chain Barding Armor
38:12 Gold Mining
47:15 Imperial Age
45:21 Wheelbarrow
48:20 Conscription
47:29 Elite Jarl
50:15 Herbal Medicine
Connection lost

Rejoining the realm…

Still unreachable

The connection could not be restored.

Session expired

The server has moved on; the page needs a fresh start.